 Dungeon Crawl Stone Soup version 0.27-a0-1299-g1ab19c6527 (webtiles) character file.

Game seed: 6571687704116346831

33 mordus the Shield-Bearer (level 3, -9/29 HPs)
             Began as a Formicid Fighter on June 16, 2021.
             Killed by divine providence
             ... invoked by an orc priest
              (11 damage)
             ... on level 2 of the Dungeon.
             The game lasted 00:01:20 (1105 turns).

mordus the Shield-Bearer (Formicid Fighter)         Turns: 1105, Time: 00:01:21

Health: -9/29      AC:  7    Str: 21    XL:     3   Next: 47%
Magic:  3/3        EV:  8    Int:  7    God:
Gold:   10         SH:  9    Dex: 10    Spells: 2/2 levels left

rFire    . . .     SeeInvis +   a - +0 long sword
rCold    . . .     Faith    .   c - +0 kite shield
rNeg     . . .     Spirit   .   b - +0 scale mail
rPois    .         Reflect  .   (helmet unavailable)
rElec    .         Harm     .   (no cloak)
rCorr    .         Rampage  .   (no gloves)
Will     .....                  (no boots)
Stlth    ..........             (no amulet)
HPRegen  0.09/turn              (no ring)
MPRegen  0.08/turn              (no ring)

@: no status effects
A: permanent stasis, dig shafts and tunnels, antennae 3, four strong arms
a: Dig, Shaft Self


You were on level 2 of the Dungeon.
You visited 1 branch of the dungeon, and saw 2 of its levels.

You collected 10 gold pieces.

Inventory:

Hand Weapons
 a - a +0 long sword (weapon)
Armour
 b - a +0 scale mail (worn)
 c - a +0 kite shield (worn)
Jewellery
 k - an amulet of faith
Wands
 l - a wand of flame (16)
Scrolls
 e - 2 scrolls of identify {unknown}
 f - a scroll of immolation {unknown}
 h - a scroll of enchant armour {unknown}
 i - a scroll of fear {unknown}
 m - a scroll of magic mapping {unknown}
Potions
 d - a potion of might
 g - a potion of haste {unknown}
 j - a potion of curing {unknown}


   Skills:
 - Level 3.2 Fighting
 * Level 2.9 Long Blades
 + Level 3.7 Armour
 + Level 4.0 Shields


You had 2 spell levels left.
You didn't know any spells.
Your spell library was empty.

Dungeon Overview and Level Annotations

Branches:
Dungeon (2/15)

Altars:

Shops:
D:1 *


Innate Abilities, Weirdness & Mutations

You cannot be hasted, slowed, berserked, paralysed or teleported.
You can dig through walls and to a lower floor.
You have a pair of large antennae on your head. (SInv)
Your four strong arms can wield two-handed weapons with a shield.


Message History

No reachable target in view!
An orc is nearby!
No reachable target in view!
No reachable target in view!
The orc shouts!
You hear a shout! x2
An orc and an orc priest come into view.
The orc shouts!
An orc priest comes into view. It is wielding a +0 club.
The orc priest shouts!
An orc comes into view. It is wielding a +0 mace.
The orc shouts!
The orc hits you with a +0 dagger.
You barely miss the orc. The orc barely misses you.
You closely miss the orc. The orc hits you with a +0 dagger.
You closely miss the orc. The orc hits you but does no damage.
You block the orc's attack. The orc hits you with a +0 short sword.
You barely miss the orc. The orc closely misses you.
You riposte.
You slash the orc!
You kill the orc!
You block the orc's attack.
You barely miss the orc. You block the orc's attack.
The orc priest hits you with a +0 short sword.
The orc hits you with a +0 short sword.
You are too injured to fight recklessly!
You are too injured to fight recklessly!
You are too injured to fight recklessly!
You are too injured to fight recklessly!
The orc priest hits you but does no damage.
You extend your mandibles.
You dig through the rock wall.
You dig through the rock wall.
The orc priest mumbles some strange prayers to Beogh against you.
Beogh smites you!
* * * LOW HITPOINT WARNING * * *
You dig through the rock wall.
You retract your mandibles.
You barely miss the orc priest. You block the orc priest's attack.
The orc priest invokes the aid of Beogh against you.
Beogh smites you!
You die...

#.# #)# .. # #.# ##.##.#....
#.# ##.........# #.#
#..#######.. #.######## #.##
$# #........# #.# .#
########.#########.#.......#
# #..#.##........#.o.....#
#P#....##.####@#.#.......#
#P#.#..##.# #o##.#oo.....#
#.#.......# ##.#.#.......#
P..#.......###.{o.#o......#
#####...........##o#.......#
..................o{........
..####......######.o.#.....
######.# ##.#...#.# #.#
#...#...#


You could see an orc priest.

Vanquished Creatures
  A dart slug (D:2)
  An orc (D:2)
  5 ball pythons
  4 endoplasms
  5 goblins (D:1)
  A hobgoblin (D:1)
  2 bats (D:1)
  2 frilled lizards
  3 kobolds (D:1)
  4 rats
28 creatures vanquished.

Notes
Turn   | Place    | Note
-------+----------+-------------------------------------------
     0 | D:1      | mordus the Formicid Fighter began the quest for the Orb.
     0 | D:1      | Reached XP level 1. HP: 18/18 MP: 1/1
    53 | D:1      | Reached XP level 2. HP: 12/24 MP: 2/2
   199 | D:1      | Found Etiasalywn's General Store.
   414 | D:1      | Found a faded altar of an unknown god.
   546 | D:1      | Reached XP level 3. HP: 28/29 MP: 3/3
   760 | D:2      | Reached skill level 4 in Shields
  1105 | D:2      | Killed from afar by an orc priest

Illustrated notes

Levels and vault maps discovered:
D:1:      lightli_arrival_maybe_door_vault, layout_rooms,
          basic_ecumenical_altar, serial_shops, shop
D:2:      cheibrodos_pilgrimage, layout_loops_ring, serial_aquarium,
          aquarium_bridge_straight [aquarium_subvault_bridge,
          aquarium_subvault_window, aquarium_subvault_bridge,
          aquarium_subvault_balcony], aquarium_window_corner,
          aquarium_window_corner, aquarium_window_fake, aquarium_window_2,
          aquarium_view_2d, aquarium_pool_side, minmay_pentomino_q2

Skill      XL: |  1  2  3 |
---------------+----------+-----
Shields        | 4 |  4.0
Fighting       | |  3.2
Long Blades    | |  2.9
Armour         | |  3.7

Action                   || total
-------------------------++-------
Melee: Long sword        ||    79
 Abil: Dig               ||     1
Armor: Scale mail        ||    39
Dodge: Dodged            ||    25
Block: Kite shield       ||    52
       Rpst.: Long sword ||     7

Table legend: (Time is in decaauts)
 A = Elapsed time spent in this place.
 B = Non-inter-level travel time spent in this place.
 C = Inter-level travel time spent in this place.
 D = Time resting spent in this place.
 E = Time spent auto-exploring this place.
 F = Levels seen in this place.
 G = Mean time per level.
                   A        B        C        D        E       F      G
               +--------+--------+--------+--------+--------+-----+--------+
         Total |   1140 |   1122 |     18 |    138 |    764 |   2 |  570.0 |
       Dungeon |   1140 |   1122 |     18 |    138 |    764 |   2 |  570.0 |
               +--------+--------+--------+--------+--------+-----+--------+

Top non-repeatable levels by time:
     D:1: 773 daAuts
     D:2: 367 daAuts
